 Dungeon Crawl Stone Soup version 0.26-a0-30-g56b8cd3df0 (webtiles) character file.

Game seed: 2491634542977066857, levelgen mode: deterministic

1509 Gwenloh the Conjurer (level 8, -9/45 HPs)
             Began as a Deep Elf Conjurer on May 31, 2020.
             Was an Initiate of Vehumet.
             Mangled by an orc warrior
             ... wielding a +0 glaive
              (12 damage)
             ... on level 6 of the Dungeon.
             The game lasted 00:24:26 (5223 turns).

Gwenloh the Conjurer (Deep Elf Conjurer)            Turns: 5223, Time: 00:24:27

Health: -9/45      AC:  5    Str:  5    XL:     8   Next: 53%
Magic:  17/18      EV: 15    Int: 31    God:    Vehumet [......]
Gold:   294        SH:  0    Dex: 15    Spells: 4/18 levels left

rFire    . . .     SeeInvis +   v - +0 quarterstaff
rCold    . . .     Gourm    .   (shield currently unavailable)
rNeg     + . .     Faith    .   a - +2 robe
rPois    .         Spirit   .   w - +0 helmet "Kiss" {rN+ SInv}
rElec    .         Reflect  .   (no cloak)
rCorr    .         Harm     .   (no gloves)
MR       .....                  (no boots)
Stlth    +++.......             i - amulet of magic regeneration
HPRegen  0.15/turn              B - +6 ring of intelligence
MPRegen  0.41/turn              E - ring "Dyt Semm" {+Fly Int+2 Slay+2}

@: slowed, very slow
A: no striking features
a: Renounce Religion, Evoke Flight


You were on level 6 of the Dungeon.
You worshipped Vehumet.
Vehumet was noncommittal.
You were not hungry.

You visited 2 branches of the dungeon, and saw 7 of its levels.

You collected 294 gold pieces.

Inventory:

Hand Weapons
 e - a +0 spear
 v - a +0 quarterstaff (weapon)
Armour
 a - a +2 robe (worn)
 g - a +0 buckler
 w - the +0 helmet "Kiss" (worn) {rN+ SInv}
   (You took it off Robin on level 3 of the Dungeon)

   It protects you from negative energy.
   It lets you see invisible.
Magical Staves
 C - an uncursed staff of earth
Jewellery
 i - an amulet of magic regeneration (around neck)
 r - an uncursed ring of protection from cold
 s - a +6 ring of dexterity
 u - an uncursed ring of protection from fire
 B - a +6 ring of intelligence (left hand)
 E - the ring "Dyt Semm" (right hand) {+Fly Int+2 Slay+2}
   (You found it on level 4 of the Dungeon)

   [ring of flight]

   It affects your intelligence (+2).
   It affects your accuracy and damage with ranged weapons and melee attacks
   (+2).
   It lets you fly.
Wands
 x - a wand of disintegration (11)
Scrolls
 b - 2 scrolls of magic mapping
 j - 2 scrolls of amnesia
 k - 3 scrolls of remove curse
 l - a scroll of noise
 n - 2 scrolls of teleportation {unknown}
 y - 2 scrolls of blinking {unknown}
 A - 3 scrolls of enchant armour
 F - a scroll of enchant weapon {unknown}
Potions
 d - a potion of lignification {unknown}
 f - a potion of resistance {unknown}
 h - a potion of stabbing {unknown}
 m - 3 potions of magic
 o - a potion of might {unknown}
 p - 2 potions of mutation
 q - a potion of haste {unknown}
 t - a potion of flight {unknown}
 z - 2 potions of degeneration {unknown}
 D - a potion of brilliance {unknown}
 G - a potion of ambrosia {unknown}
 I - a potion of curing {unknown}
Comestibles
 c - 16 rations
 H - 6 chunks of flesh


   Skills:
 + Level 2.8 Fighting
 + Level 5.1 Dodging
 + Level 5.6 Stealth
 + Level 2.6 Shields
 + Level 5.7 Spellcasting
 * Level 7.5 Conjurations
 + Level 4.3 Hexes


You had 4 spell levels left.
You knew the following spells:

 Your Spells              Type           Power        Failure   Level  Hunger
a - Magic Dart            Conj           ####         1%          1    None
b - Searing Ray           Conj           ######       1%          2    None
c - Dazzling Flash        Conj/Hex       #####.       1%          3    None
d - Fulminant Prism       Conj/Hex       #####.....   4%          4    ###....
e - Iskenderun's Mystic   Conj/Tloc      ####....     11%         4    ###....

Your spell library contained the following spells:

 Spells                   Type           Power        Failure   Level  Hunger


Dungeon Overview and Level Annotations

Branches:
Dungeon (6/15)             Temple (1/1) D:6

Altars:
Ashenzari
Cheibriados
Dithmenos
Elyvilon
Fedhas
Gozag
Hepliaklqana
Kikubaaqudgha
Makhleb
Okawaru
Qazlal
Ru
Trog
Uskayaw
Vehumet
Wu Jian
Xom
Yredelemnul
Zin
The Shining One

Annotations:
D:3 3 runed translucent doors, Lanoc's ghost, amateur DsCj; xight's ghost, amateur DEFE


Message History

Aiming: Searing Ray (safe; 1% risk of failure)
Press: ? - help, Shift-Dir - straight line, f - orc warrior, p - orc wizard
Aim: an orc warrior, wielding a +0 glaive and wearing a +0 chain mail The searing ray hits the orc warrior!
The orc warrior is moderately wounded. (Press . to maintain the ray.)
The orc warrior hits you from afar with a +0 glaive!
The orc wizard gestures wildly while chanting.
The orc wizard seems to speed up.
The searing ray hits the orc warrior!
The orc warrior is severely wounded.
The searing ray hits the orc wizard!
The orc wizard is severely wounded.
The orc warrior hits you from afar with a +0 glaive!!
Ouch! That really hurt!
* * * LOW HITPOINT WARNING * * *
The orc wizard mumbles some strange words.
The orc wizard blinks!
The orc warrior hits you from afar with a +0 glaive!
You die...

##########...#...###.##
.o .########............
o ..................... .
#######.......####... #
#.##### #.÷.....######.
..##.#...#
##.....###...#.
#......#.# #.....# #.....
.........############.###
#...#.
#.....o§o.oo.@......#
##....
../....################
#.##. #._.#.. #.##.
....... #.##. . #....
#.##. .$.... #.##.
####.#. #.##. #... #....
#....


You could see an orc warrior, an orc wizard (fast, invisible) and 2 orcs.

Vanquished Creatures
  Sigmund (D:5)
  Menkaure (D:5)
  An orc warrior (D:6)
  A sky beast (D:5)
  3 ogres
  Blork the orc (D:6)
  A bullfrog (D:6)
  2 scorpions
  3 wights (D:6)
  An orc priest (D:6)
  2 hounds (D:4)
  An iguana (D:4)
  Terence (D:3)
  3 worker ants (D:4)
  A hound skeleton (D:6)
  2 howler monkey zombies
  Robin (D:3)
  5 adders
  3 gnolls
  2 oozes (D:1)
  5 worms
  5 dart slugs
  A leopard gecko (D:3)
  4 orcs
  3 bats
  4 giant cockroaches
  16 goblins
  7 hobgoblins
  4 jackals (D:3)
  5 quokkas
  A ball python (D:6)
  5 frilled lizards
  A leopard gecko skeleton (D:4)
  2 rats
99 creatures vanquished.

Notes
Turn   | Place    | Note
-------+----------+-------------------------------------------
     0 | D:1      | Gwenloh the Deep Elf Conjurer began the quest for the Orb.
     0 | D:1      | Reached XP level 1. HP: 10/10 MP: 6/6
   223 | D:1      | Reached XP level 2. HP: 15/15 MP: 4/8
   267 | D:1      | Learned a level 2 spell: Searing Ray
   704 | D:1      | Reached XP level 3. HP: 20/20 MP: 3/9
   758 | D:1      | Learned a level 3 spell: Dazzling Flash
  1931 | D:2      | Reached skill level 5 in Conjurations
  2045 | D:3      | Reached XP level 4. HP: 24/24 MP: 4/11
  2048 | D:3      | Identified the +0 helmet "Kiss" {rN+ SInv}
  2048 | D:3      | Noticed Robin
  2127 | D:3      | Found a runed translucent gate.
  2128 | D:3      | Found a runed translucent gate.
  2129 | D:3      | Found a runed translucent gate.
  2146 | D:3      | Learned a level 4 spell: Fulminant Prism
  2193 | D:3      | Noticed Terence
  2200 | D:3      | Killed Terence
  2200 | D:3      | Reached skill level 1 in Fighting
  2200 | D:3      | Reached skill level 1 in Hexes
  2406 | D:3      | Noticed xight's ghost (amateur DEFE)
  2406 | D:3      | Noticed Lanoc's ghost (amateur DsCj)
  2407 | D:3      | Found a stormy altar of Qazlal.
  2492 | D:3      | Killed Robin
  2787 | D:3      | Found an ornate altar of the Wu Jian Council.
  2852 | D:4      | Reached XP level 5. HP: 29/29 MP: 3/12
  3169 | D:4      | Noticed an ogre
  3222 | D:4      | Reached skill level 1 in Shields
  3329 | D:4      | Found a burning altar of Makhleb.
  3329 | D:4      | Noticed an Executioner
  3360 | D:4      | Killed an ogre
  3360 | D:4      | Reached XP level 6. HP: 34/34 MP: 10/14
  3661 | D:4      | Got an ancient wooden ring
  3663 | D:4      | Identified the ring "Dyt Semm" {+Fly Int+2 Slay+2} (You
                  | found it on level 4 of the Dungeon)
  3715 | D:4      | Reached skill level 6 in Conjurations
  3820 | D:4      | Reached XP level 7. HP: 30/39 MP: 9/15
  3887 | D:4      | Found an opulent altar of Gozag.
  4049 | D:5      | Entered Level 5 of the Dungeon
  4104 | D:5      | Noticed Menkaure
  4115 | D:5      | Killed Menkaure
  4302 | D:5      | Noticed Sigmund
  4312 | D:5      | Killed Sigmund
  4312 | D:5      | Reached skill level 5 in Stealth
  4312 | D:5      | Reached skill level 5 in Spellcasting
  4475 | D:5      | Reached XP level 8. HP: 45/45 MP: 12/17
  4634 | D:6      | Learned a level 4 spell: Iskenderun's Mystic Blast
  4641 | D:6      | Reached skill level 7 in Conjurations
  4726 | D:6      | Noticed Blork the orc
  4731 | D:6      | Killed Blork the orc
  4829 | D:6      | Found a staircase to the Ecumenical Temple.
  4843 | Temple   | Entered the Ecumenical Temple
  4998 | Temple   | Became a worshipper of Vehumet
  5077 | D:6      | Reached skill level 5 in Dodging
  5206 | D:6      | Found a radiant altar of Vehumet.
  5221 | D:6      | HP: 2/45 [orc warrior/+0 glaive (24)]
  5223 | D:6      | Mangled by an orc warrior

Illustrated notes

Levels and vault maps discovered:
D:1:      mushboom_english_gardens, layout_loops_corners,
          chequers_hall_statues_corner_a
D:2:      layout_basic
D:3:      layout_basic, lemuel_coloured_pillars_altar,
          overflow_temple_1_default, gammafunk_ghost_cemetery, uniq_robin,
          uniq_terence
D:4:      minmay_clustersquares, layout_rooms, makhleb_altar_promises_db,
          lemuel_doored_altar, first_ration
D:5:      layout_cave_pools, uniq_menkaure, uniq_sigmund
D:6:      layout_loops_ring, lemuel_blue_sif_altar, temple_statues,
          serial_shops, kennysheep_little_box, vehumet_altar_wand_db,
          uniq_blork_the_orc
Temple:   nicolae_temple_elliptical

Skill      XL: |  1  2  3  4  5  6  7  8 |
---------------+-------------------------+-----
Stealth        | 3 4 5 |  5.6
Conjurations   | 5 6 7 |  7.5
Fighting       | 1 2 |  2.8
Dodging        | 3 4 5 |  5.1
Hexes          | 1 2 3 4 |  4.3
Shields        | 1 2 |  2.6
Spellcasting   | 4 5 |  5.7

Action                   |  1- 3 |  4- 6 |  7- 9 || total
-------------------------+-------+-------+-------++-------
Melee: Spear             |     1 |       |       ||     1
       Quarterstaff      |       |     7 |       ||     7
 Cast: Magic Dart        |    64 |    83 |    48 ||   195
       Searing Ray       |     2 |    14 |    11 ||    27
       Dazzling Flash    |       |     3 |       ||     3
       Iskenderun's Myst |       |       |     1 ||     1
  Use: Scroll            |       |     1 |     8 ||     9
 Stab: Invisible         |       |     1 |       ||     1
  Eat: Chunk             |     3 |     6 |     4 ||    13
Armor: Robe              |       |     1 |     1 ||     2
Dodge: Dodged            |     2 |    25 |     5 ||    32

Table legend:
 A = Non-vault XP
 B = Vault XP
 C = Vault XP percentage of total XP
 D = Non-vault monster count
 E = Vault monster count
 F = Vault count percentage of total count
                 A         B        C        D         E       F
            +---------+---------+-------+---------+---------+-------
      Total |    1431 |     726 |  33.7 |      75 |      24 |  24.2
            +---------+---------+-------+---------+---------+-------
        D:1 |      53 |       0 |   0.0 |      20 |       0 |   0.0
        D:2 |      36 |       0 |   0.0 |       6 |       0 |   0.0
        D:3 |      44 |      70 |  61.4 |      14 |      13 |  48.1
        D:4 |     444 |     166 |  27.2 |      16 |       7 |  30.4
        D:5 |     262 |     388 |  59.7 |       3 |       2 |  40.0
        D:6 |     592 |     102 |  14.7 |      16 |       2 |  11.1
            +---------+---------+-------+---------+---------+-------
